 Dungeon Crawl Stone Soup version 0.21-a0-227-g58a7c62 (webtiles) character file.

98 pichaelthompson the Charmwright (level 4, -2/37 HPs)
             Began as a Draconian Skald on Aug 30, 2017.
             Slain by a gnoll
             ... wielding a +0 spear
              (7 damage)
             ... on level 3 of the Dungeon.
             The game lasted 00:04:33 (2336 turns).

pichaelthompson the Charmwright (Draconian Skald)   Turns: 2336, Time: 00:04:33

Health: -2/37      AC:  6    Str: 14    XL:     4   Next: 44%
Magic:  7/7        EV: 12    Int: 13    God:
Gold:   73         SH:  0    Dex: 11    Spells: 0/7 levels left

rFire    . . .     SeeInvis .   a - +0 spear
rCold    . . .     Gourm    .   (no shield)
rNeg     . . .     Faith    .   (armour unavailable)
rPois    .         Spirit   .   (helmet restricted)
rElec    .         Reflect  .   (no cloak)
rCorr    .         Harm     .   (no gloves)
MR       .....                  o - +0 pair of boots
Stlth    +.........             (no amulet)
HPRegen  0.12/turn              (no ring)
MPRegen  0.10/turn              (no ring)

@: no status effects
A: unfitting armour, cold-blooded, AC +5
a: no special abilities


You were on level 3 of the Dungeon.
You were not hungry.

You visited 1 branch of the dungeon, and saw 3 of its levels.

You collected 73 gold pieces.

Inventory:

Hand Weapons
 a - a +0 spear (weapon)
Armour
 o - a +0 pair of boots (worn)
Scrolls
 e - 2 scrolls of blinking {unknown}
 f - 2 scrolls of recharging {unknown}
 i - 3 scrolls of identify {unknown}
 k - 3 scrolls of remove curse {unknown}
 m - a scroll of fear {unknown}
 n - a scroll of fog {unknown}
Potions
 d - a potion of might {unknown}
 j - a potion of magic {unknown}
 l - 2 potions of berserk rage {unknown}
 p - a potion of heal wounds {unknown}
 q - a potion of curing {unknown}
 r - a potion of lignification {unknown}
Books
 b - a book of Battle

   Spells                             Type                      Level
   a - Infusion                       Charms                       1
   b - Shroud of Golubria             Charms/Translocation         2
   c - Song of Slaying                Charms                       2
   d - Spectral Weapon                Hexes/Charms                 3
   e - Regeneration                   Charms/Necromancy            3
Comestibles
 c - a bread ration
 g - 2 chunks of flesh
 h - a royal jelly


   Skills:
 * Level 2.8 Fighting
 + Level 2.4 Polearms
 * Level 2.6 Dodging
 + Level 0.4 Stealth
 * Level 2.4 Spellcasting
 * Level 0.8 Hexes
 * Level 3.3 Charms
 * Level 0.2 Necromancy


You couldn't memorise any spells.
You knew the following spells:

 Your Spells              Type           Power        Failure   Level  Hunger
a - Infusion              Chrm           ##..         6%          1    #......
b - Spectral Weapon       Hex/Chrm       #.......     30%         3    ###....
c - Regeneration          Chrm/Necr      #.........   34%         3    ###....


Dungeon Overview and Level Annotations

Branches:
Dungeon (3/15)

Altars:


Innate Abilities, Weirdness & Mutations

Your plain brown scales are hard. (AC +5)
You cannot fit into any form of body armour.
You are cold-blooded and may be slowed by cold attacks.


Message History

The gnoll hits you from afar with a spear.
You hit the gnoll.
The gnoll is heavily wounded.
Your spectral weapon hits the gnoll but does no damage.
The gnoll barely misses you.
The gnoll hits you from afar with a spear.
* * * LOW HITPOINT WARNING * * *
You swap places.
The gnoll closely misses your spectral weapon.
There is an open door here.
Your spectral weapon fades away.
There is an open door here.
You enter a teleport trap!
The teleport trap disappears.
Your surroundings suddenly seem different.
The gnoll hits you with a flail.
* * * LOW HITPOINT WARNING * * *
You barely miss the gnoll. The gnoll hits you with a flail.
* * * LOW HITPOINT WARNING * * *
The gnoll hits you from afar with a spear!
You die...

#.###+##. ##### #.#..... #.).#
#.#....# #...# #.#....# #.[.#
#.#....# #...# ####.#....#
#####...## #.........# #
.........# #......#### .#
########.###....@.#########.##
...............g.'...........
#######.##.....g.####....#...
####..#.##..### #...g######.
#.[...#....g# #(...'.)....
#.###.#####.# #....###..#. #
#..# #.# #....# ..# ##.# #.#
###+## .g.. #.# #g# #g..


You could see 2 gnolls and a hobgoblin.

Vanquished Creatures
  A gnoll (D:3)
  4 adders
  An ooze (D:1)
  2 worms (D:2)
  A dart slug (D:2)
  A leopard gecko (D:2)
  2 giant cockroaches
  3 hobgoblins
  3 jackals (D:2)
  7 kobolds
  6 bats
  2 frilled lizards (D:2)
  5 goblins
  7 rats
45 creatures vanquished.

Notes
Turn   | Place    | Note
-------+----------+-------------------------------------------
     0 | D:1      | pichaelthompson the Draconian Skald began the quest for the Orb.
     0 | D:1      | Reached XP level 1. HP: 17/17 MP: 3/3
   119 | D:1      | Reached XP level 2. HP: 21/25 MP: 5/5
   165 | D:1      | Reached skill level 3 in Charms
  1059 | D:2      | Reached XP level 3. HP: 30/30 MP: 0/6
  1103 | D:2      | Learned a level 3 spell: Spectral Weapon
  1661 | D:2      | Reached XP level 4. HP: 23/37 MP: 4/7
  1815 | D:2      | Learned a level 3 spell: Regeneration
  2336 | D:3      | Slain by a gnoll

Vault maps used:
D:1:      dpeg_arrival_short_road, serial_bayou_pond_c

Skill      XL: |  1  2 |
---------------+-------+-----
Charms         | 3 |  3.3
Fighting       | |  2.8
Polearms       | |  2.4
Dodging        | |  2.6
Stealth        | |  0.4
Spellcasting   | |  2.4
Hexes          | |  0.8
Necromancy     | |  0.2

Action                   |  1- 3 |  4- 6 || total
-------------------------+-------+-------++-------
Melee: Spear             |   137 |    53 ||   190
       Tailslap          |    10 |     5 ||    15
 Cast: Infusion          |     3 |       ||     3
       Spectral Weapon   |     1 |     2 ||     3
 Stab: Sleeping          |       |     1 ||     1
  Eat: Chunk             |     2 |     3 ||     5
Armor: Skin              |    42 |    30 ||    72
Dodge: Dodged            |   108 |    31 ||   139

Table legend:
 A = Spawn XP
 B = Non-spawn XP
 C = Spawn XP percentage of total XP
 D = Spawn monster count
 E = Non-spawn monster count
 F = Spawn count percentage of total count
 G = Total turns spent on level
                    A         B        C        D         E        F      G
               +---------+---------+-------+---------+---------+-------+---------
         Total |      17 |     124 |  12.1 |       4 |      41 |   8.9 |  2336
               +---------+---------+-------+---------+---------+-------+---------
           D:1 |       0 |      19 |   0.0 |       0 |       9 |   0.0 |   474
           D:2 |      17 |      71 |  19.3 |       4 |      25 |  13.8 |  1625
           D:3 |       0 |      34 |   0.0 |       0 |       7 |   0.0 |   237
               +---------+---------+-------+---------+---------+-------+---------
